 Dungeon Crawl Stone Soup version 0.25-a0-290-g4a1327ee3a (webtiles) character file.

Game seed: 14416489742458876758, levelgen mode: classic

40 Borgoz the Cutter (level 3, 0/22 HPs)
             Began as a Kobold Gladiator on Dec 15, 2019.
             Slain by a leopard gecko (3 damage)
             ... on level 2 of the Dungeon.
             The game lasted 00:01:26 (917 turns).

Borgoz the Cutter (Kobold Gladiator)                 Turns: 917, Time: 00:01:27

Health: 0/22       AC:  4    Str: 12    XL:     3   Next: 72%
Magic:  3/3        EV: 16    Int:  9    God:
Gold:   87         SH:  0    Dex: 16    Spells: 2/2 levels left

rFire    . . .     SeeInvis .   a - +0 rapier
rCold    . . .     Gourm    .   (shield restricted)
rNeg     . . .     Faith    .   b - +0 leather armour
rPois    .         Spirit   .   c - +0 helmet
rElec    .         Reflect  .   (no cloak)
rCorr    .         Harm     .   (no gloves)
MR       .....                  (no boots)
Stlth    ++........             (no amulet)
HPRegen  0.07/turn              (no ring)
MPRegen  0.08/turn              (no ring)

@: lethally poisoned (0 -> -2)
A: small, carnivore
a: no special abilities


You were on level 2 of the Dungeon.
You were completely stuffed.

You visited 1 branch of the dungeon, and saw 2 of its levels.

You collected 87 gold pieces.

Inventory:

Hand Weapons
 a - a +0 rapier (weapon)
Missiles
 d - 3 throwing nets (quivered)
Armour
 b - a +0 leather armour (worn)
 c - a +0 helmet (worn)
Scrolls
 h - a scroll of teleportation
Comestibles
 f - 2 rations
 g - 3 chunks of flesh


   Skills:
 * Level 2.8 Fighting
 * Level 4.5 Short Blades
 - Level 2.1 Throwing
 * Level 1.0 Armour
 * Level 4.0 Dodging
 + Level 1.0 Stealth


You had 2 spell levels left.
You didn't know any spells.
Your spell library was empty.

Dungeon Overview and Level Annotations

Branches:
Dungeon (2/15)

Altars:


Innate Abilities, Weirdness & Mutations

You are small and have problems with some larger weapons.
You are carnivorous and can eat meat at any time.


Message History

You hit the leopard gecko.
The leopard gecko is heavily wounded.
The bat closely misses you.
The leopard gecko completely misses you.
You miss the leopard gecko.
The leopard gecko is heavily wounded.
The leopard gecko misses you. The bat barely misses you.
The leopard gecko misses you.
You hit the leopard gecko but do no damage.
The leopard gecko is heavily wounded.
The bat barely misses you.
The leopard gecko bites you but does no damage.
You barely miss the leopard gecko.
The leopard gecko is heavily wounded.
You feel sick. The bat misses you. The leopard gecko bites you.
* * * LOW HITPOINT WARNING * * *
You hit the leopard gecko.
The leopard gecko is severely wounded.
The bat closely misses you. The leopard gecko bites you.
You die...

....######### $.
####.# ..###
#.######### ......
#.........# !.....
#.........#
<.....###.........#
..................#
......l...........#
.....b$@..........#
$.....####........#
..... #........#
##.. #........# #.
#........# #
#........#
#........#
##########


You could see a leopard gecko and a bat.

Vanquished Creatures
  An adder (D:2)
  A dart slug (D:1)
  A leopard gecko (D:1)
  A giant cockroach (D:1)
  6 goblins (D:1)
  3 hobgoblins (D:1)
  2 jackals (D:2)
  2 bats (D:1)
  4 frilled lizards
  2 kobolds (D:1)
  4 rats (D:1)
27 creatures vanquished.

Notes
Turn   | Place    | Note
-------+----------+-------------------------------------------
     0 | D:1      | Borgoz the Kobold Gladiator began the quest for the Orb.
     0 | D:1      | Reached XP level 1. HP: 12/12 MP: 1/1
     2 | D:1      | Noticed a merfolk zombie
     4 | D:1      | Noticed a minotaur zombie
     7 | D:1      | Noticed a minotaur zombie
    18 | D:1      | Noticed a merfolk zombie
    71 | D:1      | Reached XP level 2. HP: 18/18 MP: 2/2
   423 | D:1      | Reached XP level 3. HP: 22/22 MP: 3/3
   903 | D:2      | Reached skill level 1 in Armour
   903 | D:2      | Reached skill level 1 in Stealth
   917 | D:2      | Slain by a leopard gecko

Levels and vault maps discovered:
D:1:      shiori_arrival_whats_in_store_for_you, layout_loops_ring,
          serial_park_tiny_2
D:2:      layout_basic, first_ration, dk_noncrumbling_2

Skill      XL: |  1  2  3 |
---------------+----------+-----
Armour         | 1 |  1.0
Dodging        | 4 |  4.0
Stealth        | 1 |  1.0
Fighting       | |  2.8
Short Blades   | |  4.5
Throwing       | |  2.1

Action                   || total
-------------------------++-------
Melee: Rapier            ||    83
  Use: Scroll            ||     3
 Stab: Sleeping          ||     2
  Eat: Chunk             ||     8
Armor: Leather armour    ||    17
Dodge: Dodged            ||   109

Table legend:
 A = Non-vault XP
 B = Vault XP
 C = Vault XP percentage of total XP
 D = Non-vault monster count
 E = Vault monster count
 F = Vault count percentage of total count
                 A         B        C        D         E       F
            +---------+---------+-------+---------+---------+-------
      Total |      58 |       0 |   0.0 |      27 |       0 |   0.0
            +---------+---------+-------+---------+---------+-------
        D:1 |      38 |       0 |   0.0 |      22 |       0 |   0.0
        D:2 |      20 |       0 |   0.0 |       5 |       0 |   0.0
            +---------+---------+-------+---------+---------+-------
